Map: Port Aleksander EC

Players

zidar

  • Race: Zerg Zerg
  • Spawn Location: 11:00

SslayerOne - Winner!

  • Race: Protoss Protoss
  • League: Gold
  • Spawn Location: 5:00

VOD

Have the link to the VOD?

Description

Time

  • Played on: Dec. 24, 2018, 7:59 a.m.
  • Length: 4:39
Show
View Real Time Build Order
Export as new Build Order

zidar Zerg 

Build Orders: Pool First 

Get SALT Encoding   

  12  0:02  Drone  
  13  0:12  Overlord  
  13  0:18  Drone  
  14  0:33  Drone  
  14  0:34  Drone  
  16  0:36  Drone  
  17  0:50  Spawning Pool  
  16  0:58  Drone  
  17  1:19  Hatchery  
  17  1:22  Drone  
  17  1:37  Extractor  
  16  1:40  Queen  
  16  1:46  Extractor  
  17  1:49  Zergling x4  
  19  1:54  Overlord  
  18  2:05  Zergling x2  
  19  2:20  Queen  
  21  2:25  Zergling x2  
  22  2:34  Metabolic Boost  
  21  2:47  Zergling x4  
  23  3:00  Overlord  
  23  3:03  Zergling x2  
  24  3:21  Zergling x8  
  22  3:36  Zergling x2  
  22  3:37  Zergling x4  
  19  3:51  Zergling x4  
  17  4:10  Zergling x8  
  20  4:19  Drone  
  20  4:21  Drone  
Show
View Real Time Build Order
Export as new Build Order

SslayerOne Protoss - Winner!

Build Orders:  

Get SALT Encoding   

  12  0:01  Probe  
  13  0:15  Probe, Pylon  
  14  0:23  Probe  
  15  0:38  Gateway  
  15  0:44  Probe  
  16  0:58  Probe, Gateway  
  17  1:10  Pylon  
  17  1:13  Probe  
  18  1:19  Zealot  
  18  1:22  Gateway  
  20  1:34  Probe  
  20  1:38  Assimilator  
  21  1:45  Zealot  
  23  1:47  Zealot  
  25  2:00  Probe  
  26  2:09  Zealot  
  26  2:12  Zealot  
  30  2:21  Probe  
  31  2:24  Assimilator  
  31  2:28  Pylon  
  31  2:46  Probe, Zealot x2  
  31  2:47  Zealot  
  38  2:53  Pylon  
  38  3:08  Cybernetics Core  
  38  3:10  Zealot  
  38  3:13  Zealot x2  
  44  3:24  Probe  
  43  3:38  Zealot  
  43  3:51  Zealot x2  
  43  4:05  Zealot  
  43  4:09  Zealot  
Tags
 
League
Gold
Matchup
PvZ
Opening
Pool First
Spawn Locations
Cross Positions
Add a new tag
Caveats
  • Supply blocks, unpowered buildings, or Contaminate may cause inaccurate times.
  • Supply counts are checked every 10 seconds.